 Dungeon Crawl Stone Soup version 0.20-a0-910-gb611367 (webtiles) character file.

12945 Duffy the Nimble (level 11, -3/67 HPs)
             Began as a Deep Elf Fire Elementalist on Mar 24, 2017.
             Was a High Priest of Vehumet.
             Slain by a komodo dragon (21 damage)
             ... on level 2 of the Lair of Beasts.
             The game lasted 00:20:04 (16380 turns).

Duffy the Nimble (Deep Elf Fire Elementalist)      Turns: 16380, Time: 00:20:05

Health: -3/67      AC:  7    Str:  5    XL:     11   Next: 69%
Magic:  2/26       EV: 20    Int: 24    God:    Vehumet [*****.]
Gold:   748        SH:  0    Dex: 15    Spells: 11/28 levels left

rFire    . . .     SeeInvis .   M - +4 dagger (chaos)
rCold    . . .     Gourm    +   O - +0 steam dragon scales
rNeg     . . .     Faith    .   (no shield)
rPois    .         Spirit   .   (helmet restricted)
rElec    .         Reflect  .   (no cloak)
rCorr    +         Harm     .   (no gloves)
MR       +....                  (no boots)
Stlth    ++++......             Q - amulet of the gourmand
Regen    0.3/turn               R - ring of resist corrosion
MPRegen  0.2/turn               K - ring of stealth

@: no status effects
A: beak, iridescent scales 1, camouflage 1, blink
a: Blink, Renounce Religion


You were on level 2 of the Lair of Beasts.
You worshipped Vehumet.
Vehumet was extremely pleased with you.
You were not hungry.

You visited 3 branches of the dungeon, and saw 13 of its levels.

You collected 748 gold pieces.

Inventory:

Hand Weapons
 F - a +1 dire flail of protection
 M - a +4 dagger of chaos (weapon)
Armour
 d - a +0 helmet
 v - a +0 troll leather armour {Purgy}
 O - +0 steam dragon scales (worn)
Magical Staves
 a - an uncursed staff of earth
 q - an uncursed staff of summoning
Jewellery
 y - an uncursed ring of ice
 K - a ring of stealth (left hand)
 Q - an amulet of the gourmand (around neck)
 R - a ring of resist corrosion (right hand)
 S - an uncursed ring of wizardry
Wands
 n - a wand of confusion (21/48)
 p - a wand of confusion (29/48)
 t - a wand of polymorph (9/24)
 C - a wand of iceblast (7/15)
 J - a wand of digging (11/24)
 P - a wand of lightning (7/15)
Scrolls
 e - 3 scrolls of fog {unknown}
 f - 2 scrolls of random uselessness {unknown}
 g - a scroll of fear {unknown}
 j - 7 scrolls of remove curse {unknown}
 l - 2 scrolls of enchant armour {unknown}
 o - 4 scrolls of recharging {unknown}
 r - 2 scrolls of blinking
 x - 2 scrolls of immolation
 B - 4 scrolls of teleportation
 G - a scroll of noise {unknown}
Potions
 i - 4 potions of brilliance
 k - 7 potions of curing
 s - 4 potions of agility
 w - 3 potions of berserk rage
 z - 5 potions of haste {unknown}
 E - a potion of heal wounds
 H - a potion of flight
 I - 3 potions of cancellation
Books
 b - a book of Flames

   Spells                             Type                      Level
   a - Flame Tongue                   Conjuration/Fire             1
   b - Throw Flame                    Conjuration/Fire             2
   c - Conjure Flame                  Conjuration/Fire             3
   d - Inner Flame                    Hexes/Fire                   3
   e - Sticky Flame                   Conjuration/Fire             4
   f - Fireball                       Conjuration/Fire             5
 u - a book of Air

   Spells                             Type                      Level
   a - Shock                          Conjuration/Air              1
   b - Swiftness                      Charms/Air                   2
   c - Static Discharge               Conjuration/Air              3
   d - Airstrike                      Air                          4
   e - Lightning Bolt                 Conjuration/Air              5
 A - a book of Cantrips

   Spells                             Type                      Level
   a - Confusing Touch                Hexes                        1
   b - Animate Skeleton               Necromancy                   1
   c - Summon Small Mammal            Summoning                    1
   d - Apportation                    Translocation                1
 L - a book of Debilitation

   Spells                             Type                      Level
   a - Corona                         Hexes                        1
   b - Slow                           Hexes                        2
   c - Inner Flame                    Hexes/Fire                   3
   d - Portal Projectile              Hexes/Translocation          3
   e - Cause Fear                     Hexes                        4
   f - Leda's Liquefaction            Hexes/Earth                  4
 T - a book of Changes

   Spells                             Type                      Level
   a - Beastly Appendage              Transmutation                1
   b - Sticks to Snakes               Transmutation                2
   c - Spider Form                    Transmutation/Poison         3
   d - Ice Form                       Ice/Transmutation            4
   e - Blade Hands                    Transmutation                5
Comestibles
 c - 10 bread rations
 h - 4 meat rations
 m - 15 royal jellies
 D - a chunk of flesh
 N - 3 fruits


   Skills:
 + Level 7.4 Fighting
 - Level 11.0 Dodging
 - Level 2.4 Stealth
 - Level 9.0 Spellcasting
 - Level 10.0 Conjurations
 - Level 10.0 Fire Magic


You had 11 spell levels left.
You knew the following spells:

 Your Spells              Type           Power        Failure   Level  Hunger
h - Flame Tongue          Conj/Fire      #####        1%          1    None
j - Sticky Flame          Conj/Fire      ######..     1%          4    ##.....
k - Fireball              Conj/Fire      ######....   1%          5    ####...
l - Conjure Flame         Conj/Fire      ######..     1%          3    None
n - Iskenderun's Mystic   Conj           ######..     1%          4    ##.....


Dungeon Overview and Level Annotations

Branches:
Dungeon (10/15)            Temple (1/1) D:4            Lair (2/6) D:10
    Orc (0/2) D:10
  Swamp: Lair:2-4    Shoals: Lair:2-4     Snake: Lair:2-4    Spider: Lair:2-4

Altars:
Ashenzari
Cheibriados
Dithmenos
Elyvilon
Fedhas
Gozag
Hepliaklqana
Kikubaaqudgha
Makhleb
Nemelex Xobeh
Okawaru
Qazlal
Ru
Sif Muna
Trog
Uskayaw
Vehumet
Wu Jian
Xom
Yredelemnul
Zin
The Shining One

Shops:
D:8 }


Innate Abilities, Weirdness & Mutations

You have a beak for a mouth.
You are partially covered in iridescent scales. (AC +2)
Your skin changes colour to match your surroundings (Stealth+).
You can translocate small distances at will.


Message History

Confirm with . or Enter, or press ? or * to list all spells.
Aiming: Flame Tongue
Press: ? - help, Shift-Dir - straight line, f/p - komodo dragon
Aim: a komodo dragon (almost dead)
The flame tongue hits the komodo dragon.
The komodo dragon appears unharmed.
The komodo dragon is almost dead.
The komodo dragon closely misses you.
You hit the komodo dragon.
The komodo dragon seems to speed up.
Your peck misses the komodo dragon.
The komodo dragon is almost dead.
The komodo dragon closely misses you. The komodo dragon misses you.
Casting: Flame Tongue
Confirm with . or Enter, or press ? or * to list all spells.
Aiming: Flame Tongue
Press: ? - help, Shift-Dir - straight line, f/p - komodo dragon
Aim: a komodo dragon (almost dead, fast)
The flame tongue misses the komodo dragon.
The komodo dragon bites you!!
You die...

# # ### #.#. # #.. # #.F
# # ..#### ####### ###
#..#l#.####...#.####..
#....@................
#.......................
#.......[...<...........
#.......................
##..#.############.##P..
##### ####### #


You could see a komodo dragon and a spiny frog.

Vanquished Creatures
  A hydra (Lair:1)
  A two-headed ogre (D:9)
  Psyche (D:9)
  5 spiny frogs (Lair:1)
  2 komodo dragons
  A hornet (D:6)
  5 blink frogs (Lair:2)
  4 hippogriffs
  A wyvern (Lair:1)
  Grum (Lair:1)
  A steam dragon (D:10)
  4 hogs (D:7)
  A hungry ghost (D:10)
  A human (D:7)
  Edmund (D:4)
  4 water moccasins
  2 porcupines
  Purgy (D:4)
  A black bear (D:6)
  2 orc warriors
  5 ice beasts
  3 phantoms
  6 ogres
  A sky beast (D:9)
  7 wolves (Lair:1)
  5 centaurs
  5 crocodiles (Lair:1)
  A big kobold (D:9)
  6 bullfrogs
  3 scorpions
  10 killer bees
  5 wights (D:6)
  2 howler monkeys
  A centaur zombie (D:6)
  A crimson imp (D:7)
  2 jellies
  5 hounds
  2 orc priests
  9 orc wizards
  2 centaur skeletons (D:5)
  An iguana (D:9)
  8 worker ants
  6 ogre zombies (D:10)
  3 hound zombies
  A worker ant zombie (D:6)
  A howler monkey skeleton (D:8)
  10 adders
  2 shadow imps
  2 oozes
  2 adder skeletons
  An adder zombie (D:6)
  2 worms (D:3)
  3 dart slugs
  7 leopard geckos
  19 orcs
  6 giant cockroaches
  7 hobgoblins
  20 jackals
  6 quokkas
  A ball python (D:1)
  5 bats
  3 frilled lizards
  A giant cockroach zombie (D:5)
  5 goblins
  2 goblin zombies (D:10)
  A hobgoblin skeleton (D:10)
  A jackal skeleton (D:7)
  14 kobolds
  2 orc skeletons (D:10)
  14 orc zombies (D:10)
  2 quokka skeletons
  5 rats
284 creatures vanquished.

Vanquished Creatures (others)
  A plant (D:10)
1 creature vanquished.

Grand Total: 285 creatures vanquished

Notes
Turn   | Place    | Note
-------+----------+-------------------------------------------
     0 | D:1      | Duffy the Deep Elf Fire Elementalist began the quest for the Orb.
     0 | D:1      | Reached XP level 1. HP: 10/10 MP: 6/6
   324 | D:1      | Reached XP level 2. HP: 15/15 MP: 2/8
   671 | D:1      | Reached XP level 3. HP: 18/19 MP: 2/10
  1030 | D:1      | Learned a level 3 spell: Conjure Flame
  2168 | D:3      | Reached XP level 4. HP: 24/24 MP: 8/12
  2221 | D:3      | Learned a level 4 spell: Sticky Flame
  3693 | D:4      | Reached XP level 5. HP: 18/28 MP: 4/14
  3990 | D:4      | Noticed Purgy
  3996 | D:4      | Noticed an ogre
  4039 | D:4      | Killed Purgy
  4039 | D:4      | Reached skill level 5 in Spellcasting
  4039 | D:4      | Reached XP level 6. HP: 32/32 MP: 2/15
  4063 | D:4      | Reached skill level 5 in Conjurations
  4401 | D:4      | Found a staircase to the Ecumenical Temple.
  4403 | D:4      | Noticed Edmund
  4445 | D:4      | Killed Edmund
  4445 | D:4      | Reached skill level 5 in Fire Magic
  4530 | Temple   | Entered the Ecumenical Temple
  4661 | Temple   | Became a worshipper of Vehumet
  4978 | D:5      | Entered Level 5 of the Dungeon
  4986 | D:5      | Reached XP level 7. HP: 36/36 MP: 13/17
  5763 | D:5      | Reached XP level 8. HP: 4/41 MP: 7/20
  5869 | D:5      | Learned a level 5 spell: Fireball
  5952 | D:5      | Found a hazy altar of Hepliaklqana.
  6439 | D:6      | Reached * piety under Vehumet
  6439 | D:6      | Offered knowledge of Sting by Vehumet.
  6755 | D:6      | Found a stormy altar of Qazlal.
  6828 | D:6      | Noticed a hornet
  6833 | D:6      | Killed a hornet
  7366 | D:6      | Reached XP level 9. HP: 45/45 MP: 17/22
  7663 | D:6      | Found a burning altar of Makhleb.
  8623 | D:7      | Offered knowledge of Magic Dart by Vehumet.
  8961 | D:7      | Reached ** piety under Vehumet
  9952 | D:8      | Reached skill level 10 in Conjurations
 10056 | D:8      | Found Nelynk's Gadget Shoppe.
 10070 | D:8      | Reached skill level 10 in Fire Magic
 10614 | D:8      | Reached skill level 1 in Fighting
 10618 | D:8      | Reached skill level 3 in Dodging
 10876 | D:9      | Reached XP level 10. HP: 52/52 MP: 18/25
 11080 | D:9      | Noticed a two-headed ogre
 11093 | D:9      | Killed a two-headed ogre
 11093 | D:9      | Reached skill level 4 in Dodging
 11189 | D:9      | Offered knowledge of Ignite Poison by Vehumet.
 11249 | D:9      | Reached skill level 5 in Dodging
 11413 | D:9      | Reached *** piety under Vehumet
 11639 | D:9      | Noticed Psyche
 11650 | D:9      | Killed Psyche
 11650 | D:9      | Reached skill level 6 in Dodging
 11962 | D:9      | Found a glowing silver altar of Zin.
 11965 | D:9      | Found an ornate altar of the Wu Jian Council.
 11968 | D:9      | Found a deep blue altar of Sif Muna.
 12210 | D:9      | Gained mutation: You have an increased reservoir of magic. (+10% MP) [mutagenic meat]
 12211 | D:9      | Gained mutation: Your mind is acute. (Int +2) [mutagenic meat]
 12212 | D:9      | Gained mutation: Your skin changes colour to match your surroundings (Stealth+). [mutagenic meat]
 12213 | D:9      | Gained mutation: You are somewhat resistant to further mutation. [mutagenic meat]
 12242 | D:10     | Entered Level 10 of the Dungeon
 12433 | D:10     | Reached skill level 7 in Dodging
 12745 | D:10     | Offered knowledge of Mephitic Cloud by Vehumet.
 13337 | D:10     | Reached **** piety under Vehumet
 13406 | D:10     | Found a staircase to the Lair.
 13432 | D:10     | Reached skill level 5 in Fighting
 13432 | D:10     | Reached skill level 8 in Dodging
 13528 | D:10     | Offered knowledge of Iskenderun's Mystic Blast by Vehumet.
 13537 | D:10     | Learned a level 4 spell: Iskenderun's Mystic Blast
 13570 | D:10     | Found a staircase to the Orcish Mines.
 14030 | Lair:1   | Entered Level 1 of the Lair of Beasts
 14125 | Lair:1   | Reached XP level 11. HP: 64/64 MP: 18/28
 14399 | Lair:1   | Noticed Grum
 14414 | Lair:1   | Killed Grum
 14432 | Lair:1   | Reached skill level 9 in Dodging
 14950 | Lair:1   | Lost mutation: Your mind is acute. (Int +2) [potion of mutation]
 14950 | Lair:1   | Lost mutation: You are somewhat resistant to further mutation. [potion of mutation]
 14950 | Lair:1   | Lost mutation: You have an increased reservoir of magic. (+10% MP) [potion of mutation]
 14950 | Lair:1   | Gained mutation: You can translocate small distances at will. [potion of mutation]
 14950 | Lair:1   | Gained mutation: You have a beak for a mouth. [potion of mutation]
 14950 | Lair:1   | Gained mutation: You are partially covered in iridescent scales. (AC +2) [potion of mutation]
 15454 | Lair:1   | Reached skill level 10 in Dodging
 15546 | Lair:1   | Noticed a four-headed hydra
 15551 | Lair:1   | Killed a four-headed hydra
 15961 | Lair:1   | Reached ***** piety under Vehumet
 15986 | Lair:1   | Offered knowledge of Lee's Rapid Deconstruction by Vehumet.
 16289 | Lair:2   | Reached skill level 11 in Dodging
 16380 | Lair:2   | Slain by a komodo dragon

Vault maps used:
D:1:      nicolae_arrival_somewhat_less_tricky_arrival
D:2:      serial_corexii_hall, corexii_hall_statues_t, corexii_hall_statues_x,
          minmay_tetromino_l4
D:3:      first_bread
D:4:      minmay_temple_entry_water_ring, uniq_purgy, uniq_edmund
D:5:      minmay_opposing_rooms, kennysheep_mini_moat
D:6:      basic_altar, bloody_makhleb
D:7:      grunt_livestock
D:8:      serial_shops, shop
D:9:      grunt_temple_overflow_diamond, uniq_psyche
D:10:     david_lair_shrubbed, zombieorc1_lemuel, serial_glass, glass_columns_b,
          glass_columns_a, glass_columns_b, glass_columns_a, glass_columns_b,
          glass_columns_a, glass_columns_b, glass_columns_b, glass_columns_b,
          glass_columns_c, glass_columns_a, glass_columns_a, glass_columns_a,
          glass_columns_b
Temple:   hc_temple_tempest_star
Lair:1:   uniq_grum
Lair:2:   serial_bayou_pond_e, st_stairs_10, infiniplex_staircase_pool,
          grunt_megastairs_4

Skill      XL: |  1  2  3  4  5  6  7  8  9 10 11 |
---------------+----------------------------------+-----
Conjurations   | 2 3 4 5 6 8 10 | 10.0
Spellcasting   | 4 5 6 7 9 |  9.0
Fire Magic     | 4 5 6 8 10 | 10.0
Fighting       | 1 5 7 |  7.4
Dodging        | 3 8 11 | 11.0
Stealth        | |  2.4

Action                   |  1- 3 |  4- 6 |  7- 9 | 10-12 || total
-------------------------+-------+-------+-------+-------++-------
Melee: Unarmed           |     4 |       |       |       ||     4
       Staff             |       |       |     2 |       ||     2
       Dire flail        |       |       |    74 |     3 ||    77
       Dagger            |       |       |       |    10 ||    10
 Cast: Flame Tongue      |    74 |   101 |   218 |   245 ||   638
       Sticky Flame      |       |     3 |    25 |    16 ||    44
       Conjure Flame     |       |     1 |    12 |    17 ||    30
       Fireball          |       |       |     5 |     4 ||     9
       Iskenderun's Myst |       |       |       |    85 ||    85
  Use: Scroll            |       |       |    12 |     3 ||    15
       Potion            |       |       |     1 |     1 ||     2
  Eat: Chunk             |     3 |    10 |    17 |    10 ||    40
       Bread ration      |       |       |     1 |     3 ||     4
Armor: Robe              |     6 |     2 |       |       ||     8
       Troll leather arm |       |       |    47 |     9 ||    56
       Steam dragon scal |       |       |       |     4 ||     4
Dodge: Dodged            |    32 |    20 |   105 |   125 ||   282
